[ AOE2 MATCH · #480980934 ]
Team RMBurmese vs Wei
[ REPLAY ANALYSIS · EXTRACTED FROM THE RECORDED GAME ]
Feudal
10:31
Castle
18:09
Imperial
41:56
| APM avg | 30.4 |
| APM peak | 55 |
| eAPM avg | 15.2 |
| Villagers / military | 144 / 618 |
Focus
⚔️ 43.8% · 🌾 56.2%
Battle Elephant ×288 · Scout Cavalry ×263 · Monk ×25 · Trade Cart ×18 · Spearman ×12 · Knight ×9
Feudal
9:44
Castle
19:00
Imperial
37:55
| APM avg | 27.3 |
| APM peak | 62 |
| eAPM avg | 15.9 |
| Villagers / military | 183 / 314 |
Focus
⚔️ 42.4% · 🌾 57.6%
Unknown (1949) ×394 · Spearman ×290 · Trade Cart ×62 · Scout Cavalry ×23 · Unknown (1942) ×18 · Unknown (1952) ×15
Feudal
10:15
Castle
24:01
Imperial
44:59
| APM avg | 30.1 |
| APM peak | 115 |
| eAPM avg | 15.4 |
| Villagers / military | 119 / 646 |
Focus
⚔️ 39.3% · 🌾 60.7%
Archer ×628 · Trade Cart ×49 · Shotel Warrior ×11 · Monk ×5 · Spearman ×2
Feudal
12:21
Castle
16:39
Imperial
44:20
| APM avg | 37.4 |
| APM peak | 176 |
| eAPM avg | 22.8 |
| Villagers / military | 201 / 642 |
Focus
⚔️ 40.1% · 🌾 59.9%
Gbeto ×279 · Militia ×183 · Spearman ×175 · Trade Cart ×34 · Trebuchet (Packed) ×5
Match map
Initial resources + every placement click. Lines = walls · curves = elevation contours. ◆ gold · ⬟ stone · ● berries · ✦ relic · ◌ wall gap
Your base· Open — unwalled flank
MrHonigkuchen's base· Open — 8t gap
MrNeverHasWood's base· Open — 6t gap
KNKN Drecksackblase's base· Open — unwalled flank
Smoothed initial terrain · ◌ = detected wall gap · hover for details
Inputs per minute
— Forlong - - MrHonigkuchen
Build order — Forlong
First 150 of 677 actions detected
| 0:03 | Create | Villager (Male) |
| 0:03 | Create | Villager (Male) |
| 0:03 | Create | Villager (Male) |
| 0:04 | Create | Villager (Male) |
| 0:06 | Build | House |
| 0:08 | Build | House |
| 0:12 | Research | Loom |
| 0:13 | Create | Villager (Male) ×4 |
| 1:46 | Create | Villager (Male) |
| 2:24 | Create | Villager (Male) |
| 2:26 | Build | Lumber Camp |
| 2:44 | Create | Villager (Male) |
| 3:25 | Build | House |
| 4:01 | Create | Villager (Male) |
| 4:01 | Create | Villager (Male) ×2 |
| 5:19 | Create | Villager (Male) |
| 5:19 | Create | Villager (Male) |
| 5:20 | Create | Villager (Male) |
| 5:33 | Create | Villager (Male) |
| 5:51 | Build | Mill |
| 6:12 | Build | House |
| 6:17 | Create | Villager (Male) ×2 |
| 6:52 | Create | Villager (Male) |
| 7:55 | Build | House |
| 8:21 | Research | Feudal Age |
| 8:26 | Build | Barracks |
| 9:27 | Build | Mining Camp |
| 9:49 | Build | House |
| 10:00 | Create | Villager (Male) |
| 10:18 | Create | Villager (Male) |
| 10:18 | Create | Villager (Male) |
| 10:31 | Age | Feudal Age |
| 11:29 | Create | Spearman |
| 11:44 | Build | Stable |
| 11:45 | Create | Villager (Male) |
| 11:47 | Create | Villager (Male) |
| 11:47 | Create | Villager (Male) |
| 11:55 | Create | Spearman |
| 12:01 | Build | Palisade Wall |
| 12:04 | Build | Palisade Wall |
| 12:35 | Create | Villager (Male) |
| 12:35 | Create | Scout Cavalry |
| 12:54 | Build | Blacksmith |
| 13:10 | Build | Farm |
| 13:10 | Build | Farm |
| 13:11 | Build | Farm |
| 13:15 | Create | Villager (Male) |
| 13:34 | Build | Farm |
| 13:39 | Build | Farm |
| 13:52 | Create | Villager (Male) |
| 13:56 | Build | Farm |
| 14:08 | Create | Spearman |
| 14:15 | Build | Farm |
| 14:27 | Create | Villager (Male) |
| 15:11 | Build | Farm |
| 15:29 | Research | Castle Age |
| 16:01 | Create | Scout Cavalry |
| 16:04 | Build | Stable |
| 16:17 | Build | Farm |
| 16:17 | Build | Farm |
| 16:23 | Research | Scale Barding Armor |
| 16:23 | Research | Scale Barding Armor |
| 16:46 | Create | Scout Cavalry |
| 17:18 | Create | Scout Cavalry |
| 17:21 | Create | Villager (Male) |
| 17:50 | Research | Bloodlines |
| 17:56 | Build | Farm |
| 17:57 | Build | Farm |
| 18:02 | Build | Farm |
| 18:04 | Build | Farm |
| 18:09 | Age | Castle Age |
| 18:19 | Build | Siege Workshop |
| 18:22 | Create | Villager (Male) |
| 18:27 | Build | Town Center |
| 18:40 | Build | House |
| 18:53 | Research | Light Cavalry (upgrade) |
| 19:08 | Create | Villager (Male) |
| 19:11 | Create | Scorpion |
| 19:27 | Create | Scout Cavalry |
| 19:45 | Create | Villager (Male) |
| 19:47 | Create | Scout Cavalry |
| 19:50 | Build | Farm |
| 20:01 | Build | Lumber Camp |
| 20:07 | Create | Villager (Male) |
| 20:25 | Create | Villager (Male) |
| 20:27 | Create | Villager (Male) |
| 20:55 | Create | Scout Cavalry |
| 20:55 | Create | Scout Cavalry |
| 21:13 | Create | Villager (Male) |
| 21:14 | Create | Villager (Male) |
| 21:18 | Build | House |
| 21:20 | Build | House |
| 21:32 | Build | House |
| 21:52 | Build | Monastery |
| 21:55 | Create | Villager (Male) |
| 21:55 | Create | Villager (Male) |
| 22:02 | Create | Scout Cavalry |
| 22:03 | Create | Villager (Male) |
| 22:08 | Build | House |
| 22:28 | Build | Outpost |
| 22:30 | Create | Villager (Male) |
| 22:36 | Create | Villager (Male) |
| 22:40 | Create | Monk |
| 22:41 | Research | Fervor |
| 22:42 | Research | Sanctity |
| 23:46 | Create | Villager (Male) |
| 23:46 | Create | Villager (Male) |
| 23:49 | Research | Husbandry |
| 24:02 | Build | Farm |
| 24:21 | Build | Monastery |
| 24:23 | Build | Mining Camp |
| 24:31 | Create | Villager (Male) |
| 24:31 | Create | Villager (Male) |
| 25:03 | Build | Mining Camp |
| 25:08 | Create | Villager (Male) |
| 25:08 | Create | Villager (Male) |
| 25:10 | Create | Scout Cavalry |
| 25:10 | Create | Scout Cavalry |
| 25:11 | Create | Knight |
| 25:11 | Create | Knight |
| 25:23 | Create | Knight |
| 25:26 | Build | Farm |
| 25:28 | Build | Farm |
| 25:29 | Build | Farm |
| 25:30 | Build | Farm |
| 25:41 | Create | Monk |
| 25:42 | Create | Monk |
| 25:46 | Build | Lumber Camp |
| 25:49 | Create | Villager (Male) |
| 25:49 | Create | Villager (Male) |
| 25:55 | Build | Farm |
| 25:56 | Build | Farm |
| 26:19 | Create | Knight |
| 26:19 | Create | Knight |
| 26:21 | Create | Villager (Male) |
| 26:27 | Build | Farm |
| 26:35 | Create | Villager (Male) |
| 26:58 | Create | Villager (Male) |
| 26:59 | Create | Villager (Male) |
| 27:10 | Build | House |
| 27:10 | Build | House |
| 27:11 | Build | House |
| 27:11 | Build | House |
| 27:11 | Build | House |
| 27:20 | Research | Town Watch |
| 27:27 | Research | Wheelbarrow |
| 27:49 | Create | Villager (Male) |
| 27:49 | Create | Villager (Male) |
| 28:10 | Build | Town Center |
| 28:29 | Research | Forging |
Build order — MrHonigkuchen
First 150 of 543 actions detected
| 0:00 | Create | Villager (Male) ×4 |
| 0:03 | Build | House |
| 0:04 | Build | House |
| 1:41 | Create | Villager (Male) |
| 2:06 | Build | Lumber Camp |
| 2:11 | Create | Villager (Male) |
| 2:41 | Create | Villager (Male) |
| 3:01 | Create | Villager (Male) |
| 3:13 | Create | Villager (Male) |
| 3:51 | Create | Villager (Male) |
| 4:13 | Build | House |
| 4:26 | Create | Villager (Male) |
| 4:35 | Build | House |
| 5:02 | Create | Villager (Male) |
| 5:02 | Create | Villager (Male) |
| 5:03 | Create | Villager (Male) |
| 5:22 | Build | Mill |
| 5:59 | Create | Villager (Male) |
| 6:19 | Research | Loom |
| 7:09 | Create | Villager (Male) |
| 7:10 | Create | Villager (Male) |
| 7:28 | Research | Feudal Age |
| 7:43 | Build | Barracks |
| 8:47 | Build | House |
| 9:06 | Create | Villager (Male) |
| 9:44 | Age | Feudal Age |
| 9:49 | Research | Double-Bit Axe |
| 10:06 | Build | Farm |
| 10:10 | Build | Stable |
| 10:16 | Build | House |
| 10:20 | Build | Mining Camp |
| 10:23 | Create | Villager (Male) |
| 10:23 | Create | Villager (Male) |
| 11:00 | Create | Villager (Male) |
| 11:12 | Build | Farm |
| 11:18 | Build | Farm |
| 11:19 | Create | Villager (Male) |
| 11:21 | Create | Scout Cavalry |
| 11:21 | Create | Scout Cavalry |
| 11:21 | Create | Scout Cavalry |
| 11:36 | Build | Farm |
| 11:55 | Create | Villager (Male) |
| 11:56 | Create | Villager (Male) |
| 12:00 | Build | Blacksmith |
| 12:14 | Build | Farm |
| 12:21 | Research | Bloodlines |
| 12:41 | Build | Farm |
| 12:44 | Create | Villager (Male) |
| 12:45 | Create | Villager (Male) |
| 12:45 | Create | Villager (Male) |
| 12:45 | Create | Villager (Male) |
| 12:56 | Build | Farm |
| 13:02 | Build | House |
| 13:04 | Build | House |
| 13:22 | Build | Farm |
| 13:25 | Build | Farm |
| 13:49 | Build | Farm |
| 14:12 | Create | Villager (Male) |
| 14:17 | Build | Farm |
| 14:17 | Build | Farm |
| 14:17 | Build | Farm |
| 14:18 | Build | Farm |
| 14:53 | Create | Villager (Male) |
| 15:11 | Build | Farm |
| 15:29 | Create | Villager (Male) |
| 15:31 | Create | Villager (Male) |
| 16:20 | Research | Castle Age |
| 16:24 | Build | Farm |
| 17:44 | Create | Villager (Male) |
| 17:47 | Research | Stone Mining |
| 17:50 | Research | Gold Mining |
| 19:00 | Age | Castle Age |
| 19:01 | Build | Town Center |
| 19:04 | Create | Villager (Male) |
| 19:04 | Create | Villager (Male) |
| 19:07 | Create | Villager (Male) |
| 19:13 | Build | Town Center |
| 19:18 | Research | Bow Saw |
| 19:22 | Research | Horse Collar |
| 19:33 | Build | House |
| 19:34 | Build | House |
| 20:12 | Create | Villager (Male) |
| 20:13 | Create | Villager (Male) |
| 20:45 | Create | Villager (Male) |
| 20:46 | Create | Villager (Male) |
| 20:46 | Create | Villager (Male) |
| 20:46 | Create | Villager (Male) |
| 20:51 | Build | House |
| 20:55 | Build | House |
| 21:13 | Create | Villager (Male) |
| 21:13 | Create | Villager (Male) |
| 21:25 | Create | Villager (Male) |
| 21:25 | Create | Villager (Male) |
| 21:39 | Create | Villager (Male) |
| 21:40 | Create | Villager (Male) |
| 21:56 | Research | Gold Shaft Mining |
| 22:00 | Build | Farm |
| 22:07 | Build | Farm |
| 22:09 | Create | Villager (Male) |
| 22:09 | Create | Villager (Male) |
| 22:10 | Create | Villager (Male) |
| 22:11 | Create | Villager (Male) |
| 22:14 | Build | Farm |
| 22:15 | Build | Farm |
| 22:15 | Build | Farm |
| 22:23 | Create | Villager (Male) |
| 22:40 | Build | Castle |
| 22:59 | Build | Mining Camp |
| 23:04 | Create | Villager (Male) |
| 23:04 | Create | Villager (Male) |
| 23:04 | Create | Villager (Male) |
| 23:05 | Create | Villager (Male) |
| 23:06 | Create | Villager (Male) |
| 23:06 | Create | Villager (Male) |
| 23:10 | Research | Husbandry |
| 23:16 | Research | Scale Barding Armor |
| 23:26 | Build | Farm |
| 23:26 | Build | Farm |
| 23:27 | Build | Farm |
| 23:27 | Build | Farm |
| 23:27 | Build | Farm |
| 23:38 | Build | Farm |
| 23:39 | Create | Villager (Male) |
| 23:49 | Build | House |
| 23:55 | Build | Farm |
| 23:57 | Create | Villager (Male) |
| 23:57 | Create | Villager (Male) |
| 23:58 | Create | Villager (Male) |
| 24:15 | Create | Villager (Male) |
| 24:27 | Build | Farm |
| 24:30 | Create | Villager (Male) |
| 24:33 | Research | Forging |
| 24:42 | Build | Farm |
| 24:42 | Build | Farm |
| 24:42 | Build | Farm |
| 24:43 | Build | Farm |
| 24:53 | Build | Farm |
| 24:58 | Create | Villager (Male) ×3 |
| 25:05 | Create | Unit 1949 |
| 25:15 | Build | Market |
| 25:22 | Build | Farm |
| 25:27 | Create | Villager (Male) |
| 25:27 | Create | Villager (Male) |
| 25:28 | Create | Villager (Male) |
| 25:30 | Create | Unit 1949 |
| 25:47 | Create | Villager (Male) |
| 25:47 | Create | Villager (Male) |
| 25:48 | Create | Villager (Male) |
| 25:51 | Create | Unit 1949 |
| 25:57 | Build | Farm |
Build order — MrNeverHasWood
First 150 of 504 actions detected
| 0:02 | Build | House |
| 0:05 | Build | House |
| 0:05 | Create | Villager (Male) |
| 0:05 | Create | Villager (Male) |
| 0:06 | Create | Villager (Male) |
| 0:06 | Create | Villager (Male) |
| 0:06 | Create | Villager (Male) |
| 1:58 | Create | Villager (Male) |
| 2:11 | Build | Lumber Camp |
| 2:15 | Create | Villager (Male) |
| 2:56 | Create | Villager (Male) |
| 2:57 | Create | Villager (Male) |
| 3:16 | Create | Villager (Male) |
| 3:53 | Create | Villager (Male) |
| 3:53 | Create | Villager (Male) |
| 4:35 | Build | House |
| 4:57 | Create | Villager (Male) |
| 4:59 | Create | Villager (Male) |
| 5:23 | Create | Villager (Male) |
| 5:35 | Create | Villager (Male) |
| 5:44 | Build | Mill |
| 6:31 | Create | Villager (Male) |
| 7:02 | Build | House |
| 7:10 | Research | Loom |
| 7:10 | Create | Villager (Male) |
| 7:58 | Research | Feudal Age |
| 8:10 | Build | Mining Camp |
| 8:40 | Create | Villager (Male) |
| 8:40 | Create | Villager (Male) |
| 9:33 | Create | Villager (Male) |
| 10:15 | Age | Feudal Age |
| 10:22 | Build | Barracks |
| 10:26 | Build | Blacksmith |
| 10:30 | Build | House |
| 10:35 | Research | Double-Bit Axe |
| 10:39 | Research | Horse Collar |
| 11:07 | Build | Archery Range |
| 11:17 | Create | Villager (Male) |
| 11:17 | Create | Villager (Male) |
| 11:29 | Research | Fletching |
| 11:52 | Create | Archer |
| 11:52 | Create | Archer |
| 12:12 | Create | Villager (Male) |
| 12:20 | Create | Villager (Male) ×2 |
| 12:24 | Build | Archery Range |
| 12:35 | Create | Archer |
| 13:08 | Create | Archer |
| 13:08 | Create | Archer |
| 13:11 | Build | House |
| 13:12 | Build | House |
| 13:16 | Create | Villager (Male) |
| 13:19 | Build | House |
| 13:32 | Research | Padded Archer Armor |
| 13:34 | Create | Villager (Male) |
| 13:42 | Create | Archer |
| 13:43 | Create | Archer |
| 13:43 | Create | Archer |
| 14:06 | Create | Archer |
| 14:06 | Create | Archer |
| 14:07 | Create | Villager (Male) |
| 14:07 | Create | Villager (Male) |
| 14:15 | Build | Archery Range |
| 14:37 | Create | Villager (Male) |
| 14:49 | Create | Archer |
| 14:51 | Create | Archer |
| 14:51 | Create | Archer |
| 14:58 | Build | House |
| 14:58 | Build | House |
| 14:58 | Build | House |
| 14:59 | Build | House |
| 14:59 | Build | House |
| 14:59 | Build | House |
| 14:59 | Build | House |
| 14:59 | Build | House |
| 14:59 | Build | House |
| 15:21 | Create | Archer |
| 15:23 | Create | Archer |
| 15:23 | Create | Archer |
| 15:56 | Create | Archer |
| 16:46 | Create | Villager (Male) |
| 16:53 | Create | Archer ×2 |
| 16:56 | Build | House |
| 17:22 | Create | Archer |
| 18:12 | Build | Lumber Camp |
| 18:25 | Build | Farm |
| 18:26 | Build | Farm |
| 18:26 | Build | Farm |
| 18:26 | Build | Farm |
| 18:26 | Build | Farm |
| 18:26 | Build | Farm |
| 18:27 | Build | Farm |
| 18:27 | Build | Farm |
| 18:27 | Build | Farm |
| 18:33 | Build | Farm |
| 18:50 | Build | Lumber Camp |
| 19:01 | Create | Villager (Male) |
| 19:33 | Create | Villager (Male) |
| 19:58 | Create | Villager (Male) |
| 20:25 | Create | Villager (Male) |
| 20:37 | Build | Market |
| 20:44 | Create | Villager (Male) |
| 21:21 | Research | Castle Age |
| 21:29 | Build | Mining Camp |
| 22:28 | Create | Archer |
| 22:29 | Create | Archer |
| 22:29 | Create | Archer |
| 22:29 | Create | Archer |
| 22:30 | Create | Archer |
| 22:41 | Research | Stone Mining |
| 22:59 | Build | Watch Tower |
| 24:01 | Age | Castle Age |
| 24:05 | Research | Crossbowman (upgrade) |
| 24:14 | Build | House |
| 24:16 | Build | House |
| 24:37 | Build | House |
| 24:52 | Create | Villager (Male) |
| 24:53 | Create | Villager (Male) |
| 25:04 | Research | Thumb Ring |
| 25:33 | Create | Villager (Male) |
| 25:48 | Create | Villager (Male) |
| 25:53 | Research | Bodkin Arrow |
| 26:06 | Build | Monastery |
| 26:09 | Create | Villager (Male) |
| 26:10 | Create | Villager (Male) |
| 26:15 | Create | Archer ×4 |
| 26:53 | Create | Monk |
| 27:13 | Create | Villager (Male) |
| 27:23 | Create | Archer |
| 27:23 | Create | Archer |
| 27:23 | Create | Archer |
| 27:23 | Create | Archer |
| 27:42 | Create | Villager (Male) |
| 28:04 | Create | Villager (Male) |
| 28:14 | Build | Mining Camp |
| 28:29 | Create | Monk |
| 28:53 | Create | Spearman |
| 28:54 | Create | Spearman |
| 29:45 | Create | Villager (Male) |
| 29:45 | Create | Villager (Male) |
| 29:46 | Create | Villager (Male) |
| 29:46 | Create | Villager (Male) |
| 29:46 | Create | Villager (Male) |
| 30:37 | Create | Villager (Male) |
| 30:37 | Create | Villager (Male) |
| 30:46 | Create | Villager (Male) |
| 30:46 | Create | Villager (Male) |
| 31:03 | Create | Villager (Male) |
| 31:03 | Create | Villager (Male) |
| 31:05 | Create | Villager (Male) |
| 31:10 | Build | Town Center |
Build order — KNKN Drecksackblase
First 150 of 884 actions detected
| 0:02 | Create | Villager (Male) |
| 0:02 | Create | Villager (Male) |
| 0:02 | Create | Villager (Male) |
| 0:03 | Create | Villager (Male) |
| 0:04 | Build | House |
| 0:06 | Build | House |
| 0:14 | Build | Lumber Camp |
| 1:57 | Create | Villager (Male) |
| 2:43 | Create | Villager (Male) |
| 3:21 | Create | Villager (Male) |
| 3:21 | Create | Villager (Male) |
| 3:49 | Create | Villager (Male) |
| 3:49 | Create | Villager (Male) |
| 4:04 | Create | Villager (Male) |
| 4:42 | Build | House |
| 4:43 | Build | House |
| 4:54 | Create | Villager (Male) |
| 5:36 | Create | Villager (Male) |
| 5:36 | Create | Villager (Male) |
| 5:36 | Create | Villager (Male) |
| 5:49 | Create | Villager (Male) |
| 6:09 | Research | Loom |
| 6:40 | Create | Villager (Male) |
| 6:40 | Create | Villager (Male) |
| 7:27 | Create | Villager (Male) |
| 7:27 | Create | Villager (Male) |
| 7:38 | Create | Villager (Male) |
| 7:39 | Create | Villager (Male) |
| 8:14 | Build | Mill |
| 8:17 | Create | Villager (Male) |
| 8:19 | Create | Villager (Male) |
| 8:20 | Create | Villager (Male) |
| 8:23 | Create | Villager (Male) |
| 8:26 | Create | Villager (Male) |
| 8:42 | Create | Villager (Male) |
| 8:50 | Build | House |
| 8:51 | Build | House |
| 9:37 | Create | Villager (Male) |
| 9:37 | Create | Villager (Male) |
| 9:46 | Create | Villager (Male) |
| 9:46 | Create | Villager (Male) |
| 9:52 | Build | House |
| 9:54 | Create | Villager (Male) |
| 10:01 | Research | Feudal Age |
| 10:12 | Build | Mining Camp |
| 10:31 | Create | Villager (Male) |
| 11:02 | Create | Villager (Male) |
| 12:21 | Age | Feudal Age |
| 12:25 | Build | Market |
| 12:31 | Build | Blacksmith |
| 12:50 | Create | Villager (Male) |
| 13:59 | Research | Castle Age |
| 14:20 | Build | Barracks |
| 15:05 | Create | Spearman |
| 15:06 | Create | Spearman |
| 15:22 | Create | Villager (Male) |
| 16:39 | Age | Castle Age |
| 16:47 | Build | Watch Tower |
| 17:06 | Research | Fletching |
| 18:02 | Build | Farm |
| 18:02 | Build | Farm |
| 18:02 | Build | Farm |
| 18:03 | Build | Farm |
| 18:03 | Build | Farm |
| 18:16 | Create | Villager (Male) |
| 18:16 | Create | Villager (Male) |
| 18:16 | Create | Villager (Male) |
| 19:20 | Build | Town Center |
| 19:41 | Create | Villager (Male) |
| 19:41 | Create | Villager (Male) |
| 20:43 | Build | Farm |
| 20:43 | Build | Farm |
| 20:43 | Build | Farm |
| 20:43 | Build | Farm |
| 20:44 | Build | Farm |
| 20:48 | Create | Villager (Male) |
| 21:24 | Create | Villager (Male) |
| 21:24 | Create | Villager (Male) |
| 21:39 | Build | Farm |
| 21:40 | Create | Villager (Male) |
| 21:54 | Build | Farm |
| 22:09 | Create | Villager (Male) |
| 22:22 | Build | Castle |
| 23:07 | Research | Double-Bit Axe |
| 23:07 | Research | Double-Bit Axe |
| 23:12 | Build | Farm |
| 23:17 | Build | Farm |
| 23:26 | Build | Farm |
| 23:49 | Create | Gbeto |
| 24:00 | Create | Villager (Male) |
| 24:03 | Build | Farm |
| 24:07 | Build | Farm |
| 24:11 | Create | Villager (Male) |
| 24:12 | Create | Villager (Male) |
| 24:12 | Create | Villager (Male) |
| 24:17 | Build | Farm |
| 24:17 | Create | Villager (Male) |
| 24:27 | Build | Farm |
| 24:46 | Research | Horse Collar |
| 25:04 | Create | Villager (Male) |
| 25:15 | Build | Farm |
| 25:15 | Build | Farm |
| 25:15 | Build | Farm |
| 25:21 | Build | Farm |
| 25:21 | Build | Farm |
| 25:25 | Create | Villager (Male) |
| 25:30 | Create | Gbeto |
| 25:31 | Create | Gbeto |
| 25:31 | Create | Gbeto |
| 25:57 | Create | Villager (Male) |
| 26:05 | Build | Farm |
| 26:08 | Build | Farm |
| 26:08 | Build | Farm |
| 26:09 | Build | Farm |
| 26:09 | Build | Farm |
| 26:09 | Build | Farm |
| 26:10 | Build | Farm |
| 26:16 | Create | Villager (Male) |
| 26:16 | Create | Villager (Male) |
| 26:27 | Build | Farm |
| 26:33 | Create | Gbeto |
| 26:37 | Create | Gbeto |
| 27:01 | Research | Squires |
| 27:04 | Build | Farm |
| 27:05 | Build | Farm |
| 27:05 | Build | Farm |
| 27:07 | Create | Villager (Male) |
| 27:27 | Create | Gbeto |
| 27:35 | Create | Villager (Male) |
| 27:35 | Create | Villager (Male) |
| 27:46 | Create | Gbeto |
| 28:03 | Create | Gbeto |
| 28:13 | Create | Villager (Male) |
| 28:21 | Research | Wheelbarrow |
| 28:38 | Research | Gold Mining |
| 28:56 | Create | Gbeto |
| 28:59 | Create | Villager (Male) |
| 28:59 | Create | Villager (Male) |
| 29:08 | Create | Villager (Male) |
| 29:13 | Build | Farm |
| 29:13 | Create | Villager (Male) |
| 29:17 | Create | Gbeto |
| 29:50 | Research | Scale Mail Armor |
| 30:24 | Create | Gbeto |
| 30:25 | Create | Gbeto |
| 31:02 | Create | Gbeto |
| 31:02 | Create | Gbeto |
| 31:02 | Create | Gbeto |
| 31:05 | Create | Gbeto |
| 31:07 | Create | Villager (Male) |
Match timeline
| 7:43 | MrHonigkuchen · first_building Barracks |
| 8:26 | Forlong · first_building Barracks |
| 9:44 | MrHonigkuchen · age_up feudal |
| 10:10 | MrHonigkuchen · first_building Stable |
| 10:15 | MrNeverHasWood · age_up feudal |
| 10:22 | MrNeverHasWood · first_building Barracks |
| 10:31 | Forlong · age_up feudal |
| 11:07 | MrNeverHasWood · first_building Archery Range |
| 11:44 | Forlong · first_building Stable |
| 12:01 | Forlong · wall_segment Palisade Wall x1 |
| 12:04 | Forlong · wall_segment Palisade Wall x1 |
| 12:21 | KNKN Drecksackblase · age_up feudal |
| 13:26 | KNKN Drecksackblase · first_market_sell 100 wood |
| 13:32 | KNKN Drecksackblase · first_market_buy 100 food |
| 14:20 | KNKN Drecksackblase · first_building Barracks |
| 16:39 | KNKN Drecksackblase · age_up castle |
| 18:09 | Forlong · age_up castle |
| 18:19 | Forlong · first_building Siege Workshop |
| 19:00 | MrHonigkuchen · age_up castle |
| 21:08 | MrNeverHasWood · first_market_buy 100 food |
| 21:15 | MrNeverHasWood · first_market_sell 100 wood |
| 21:52 | Forlong · first_building Monastery |
| 22:22 | KNKN Drecksackblase · first_building Castle |
| 22:40 | MrHonigkuchen · first_building Castle |
| 24:01 | MrNeverHasWood · age_up castle |
| 26:06 | MrNeverHasWood · first_building Monastery |
| 30:53 | Forlong · first_market_sell 500 wood |
| 30:56 | Forlong · first_market_buy 100 food |
| 33:56 | MrHonigkuchen · first_building Monastery |
| 37:03 | MrHonigkuchen · first_building Siege Workshop |
| 37:36 | Forlong · first_building Castle |
| 37:55 | MrHonigkuchen · age_up imperial |
| 39:33 | MrNeverHasWood · first_building Castle |
| 41:07 | Forlong · wall_segment Stone Wall x12 |
| 41:56 | Forlong · age_up imperial |
| 42:15 | MrHonigkuchen · first_market_buy 100 wood |
| 44:20 | KNKN Drecksackblase · age_up imperial |
| 44:59 | MrNeverHasWood · age_up imperial |
| 45:22 | MrHonigkuchen · first_building Archery Range |
| 48:12 | MrHonigkuchen · first_market_sell 100 food |
| 55:45 | Forlong · wall_segment Stone Wall x3 |
| 55:47 | Forlong · wall_segment Stone Wall x1 |
| 59:17 | MrHonigkuchen · wall_segment Stone Wall x65 |
| 61:56 | MrHonigkuchen · wall_segment Stone Wall x48 |
| 63:23 | MrHonigkuchen · wall_segment Stone Wall x26 |
| 63:27 | MrHonigkuchen · wall_segment Stone Wall x6 |
| 63:27 | MrNeverHasWood · wall_segment Stone Wall x24 |
| 63:30 | MrNeverHasWood · wall_segment Stone Wall x7 |
| 68:50 | MrNeverHasWood · wall_segment Stone Wall x8 |
| 68:56 | MrNeverHasWood · wall_segment Stone Wall x7 |
| 69:01 | MrNeverHasWood · wall_segment Stone Wall x21 |
| 69:05 | MrNeverHasWood · wall_segment Stone Wall x10 |
| 72:31 | Forlong · wall_segment Stone Wall x19 |
| 75:28 | KNKN Drecksackblase · wall_segment Stone Wall x25 |
| 75:31 | KNKN Drecksackblase · wall_segment Stone Wall x13 |
| 75:34 | KNKN Drecksackblase · wall_segment Stone Wall x1 |
| 76:03 | Forlong · wall_segment Stone Wall x16 |
| 76:29 | KNKN Drecksackblase · wall_segment Stone Wall x7 |
| 76:49 | MrHonigkuchen · tribute_sent a jugador 2 |
| 76:49 | MrHonigkuchen · tribute_sent a jugador 3 |
| 76:49 | MrHonigkuchen · tribute_sent a jugador 4 |
| 77:20 | KNKN Drecksackblase · wall_segment Stone Wall x10 |
| 79:03 | KNKN Drecksackblase · wall_segment Stone Wall x12 |
| 79:06 | KNKN Drecksackblase · wall_segment Stone Wall x12 |
| 79:49 | MrHonigkuchen · tribute_sent a jugador 2 |
| 79:49 | MrHonigkuchen · tribute_sent a jugador 3 |
| 79:49 | MrHonigkuchen · tribute_sent a jugador 4 |
| 80:08 | MrHonigkuchen · wall_segment Stone Wall x1 |
| 80:14 | Forlong · wall_segment Stone Wall x11 |
| 80:17 | Forlong · wall_segment Stone Wall x15 |
| 80:19 | Forlong · wall_segment Stone Wall x6 |
| 80:24 | Forlong · wall_segment Stone Wall x1 |
| 80:30 | KNKN Drecksackblase · wall_segment Stone Wall x8 |
| 85:28 | Forlong · wall_segment Stone Wall x19 |
| 85:33 | Forlong · wall_segment Stone Wall x12 |
| 85:35 | Forlong · wall_segment Stone Wall x12 |
| 89:06 | MrHonigkuchen · resign |
[ AI ANALYSIS · 1 CREDIT ]
What really happened in this match?
Wolo.gg analyzes every decision: build order, eco, micro, common mistakes by bracket. Personalized analysis on WhatsApp or Discord in 30 seconds.
Civ guide
Burmese
Map guide
MegaRandom
Perfil
Forlong